Workbook
Name _Hlk34300669: May!$K$69
Name Component: "Group"
Name FX_RATE: May!$C$249
Name pbCountingPages: FALSE

Sheet May
A1: MONTHLY UPDATE ON REGISTERED MUTUAL FUNDS AS AT 31ST MAY, 2026
A2: S/N | B2: FUND | C2: FUND MANAGER | D2: TOTAL VALUE OF INVESTMENT (N) | E2: TOTAL INCOME (N) | F2: UNREALIZED CAPITAL GAIN/LOSS (N) | G2: TOTAL EXPENSES (N) | H2: NET INCOME/LOSS (N) | I2: NET ASSET VALUE (N) PREVIOUS - APRIL | J2: % ON TOTAL | K2: NET ASSET VALUE (N) | L2: % ON TOTAL | M2: % CHANGE IN NAV | N2: EXPENSE RATIO | O2: RETURN ON EQUITY (ROE) | P2: NET ASSET PER UNIT | Q2: EARNINGS PER UNIT (EPU) | R2: BID PRICE (N) | S2: OFFER PRICE (N) | T2: NUMBER OF UNIT HOLDERS | U2: OPENING NUMBER OF UNITS | V2: CLOSING NUMBER OF UNITS
A4: EQUITY BASED FUNDS
A5: 1 | B5: Afrinvest Equity Fund | C5: Afrinvest Asset Management Ltd. | D5: 1.5358171e+10 | E5: 3119876.5 | F5: 4.7200606e+09 | G5: 25065639 | H5: =(E5+F5)-G5 -> 4.6981148e+09 | I5: 1.3510519e+10 | J5: =(I5/$I$25) -> 0.057357002 | K5: 1.5450535e+10 | L5: =(K5/$K$25) -> 0.058961147 | M5: =((K5-I5)/I5) -> 0.14359301 | N5: =(G5/K5) -> 0.0016223153 | O5: =H5/K5 -> 0.30407458 | P5: =K5/V5 -> 930.51026 | Q5: =H5/V5 -> 282.94451 | R5: 930.51 | S5: 937.92 | T5: 1722 | U5: 14666706 | V5: 16604368
A6: 2 | B6: Anchoria Equity Fund | C6: Anchoria Asset Management Limited | D6: 2.626272e+09 | E6: 3145268.5 | F6: 8.24596e+08 | G6: 3347309.6 | H6: =(E6+F6)-G6 -> 8.2439396e+08 | I6: 2.3317524e+09 | J6: =(I6/$I$25) -> 0.0098991259 | K6: 2.6678108e+09 | L6: =(K6/$K$25) -> 0.010180695 | M6: =((K6-I6)/I6) -> 0.14412269 | N6: =(G6/K6) -> 0.0012547028 | O6: =H6/K6 -> 0.30901515 | P6: =K6/V6 -> 637.7547 | Q6: =H6/V6 -> 197.07586 | R6: 931.51 | S6: 641.48 | T6: 625 | U6: 3758831.4 | V6: 4183130
A7: 3 | B7: ARM Aggressive Growth Fund | C7: ARM Investment Managers Limited | D7: 14051044499 | E7: 294056572 | F7: 2135992827 | G7: 60781489 | H7: =(E7+F7)-G7 -> 2369267910 | I7: 18230982660 | J7: =(I7/$I$25) -> 0.077397066 | K7: 18230982660 | L7: =(K7/$K$25) -> 0.069571679 | M7: =((K7-I7)/I7) -> 0 | N7: =(G7/K7) -> 0.0033339667 | O7: =H7/K7 -> 0.12995832 | P7: =K7/V7 -> 78.088885 | Q7: =H7/V7 -> 10.1483 | R7: 932.51 | S7: 80.0411 | T7: 11145 | U7: 196870244 | V7: 233464501
A8: 4 | B8: AXA Mansard Equity Income Fund | C8: AXA Mansard Investments Limited | D8: 2.6394082e+09 | E8: 25404059 | F8: 0 | G8: 5318224.8 | H8: =(E8+F8)-G8 -> 20085835 | I8: 3.2835013e+09 | J8: =(I8/$I$25) -> 0.013939642 | K8: 3.2497877e+09 | L8: =(K8/$K$25) -> 0.012401591 | M8: =((K8-I8)/I8) -> -0.010267564 | N8: =(G8/K8) -> 0.0016364838 | O8: =H8/K8 -> 0.0061806605 | P8: =K8/V8 -> 382.14522 | Q8: =H8/V8 -> 2.3619098 | R8: 933.51 | S8: 384.0559 | T8: 2678 | U8: 8699431.9 | V8: 8504064.9
A9: 5 | B9: CardinalStone Equity Fund | C9: CardinalStone Asset Mgt. Limited | D9: 1.2303589e+10 | E9: 2.480641e+08 | F9: 5.6711683e+08 | G9: 14979727 | H9: =(E9+F9)-G9 -> 8.002012e+08 | I9: 1.141775e+10 | J9: =(I9/$I$25) -> 0.04847245 | K9: 1.2549063e+10 | L9: =(K9/$K$25) -> 0.047888772 | M9: =((K9-I9)/I9) -> 0.099083658 | N9: =(G9/K9) -> 0.0011936929 | O9: =H9/K9 -> 0.063765813 | P9: =K9/V9 -> 3.0537939 | Q9: =H9/V9 -> 0.19472765 | R9: 934.51 | S9: 3.0184 | T9: 2643 | U9: 3.6312398e+09 | V9: 4.1093353e+09
A10: 6 | B10: Cowry Equity Fund | C10: Cowry Treasurers Limited | D10: 6.8321144e+08 | E10: 2523839.9 | F10: 2.631598e+08 | G10: 1260772 | H10: =(E10+F10)-G10 -> 2.6442287e+08 | I10: 7.6862049e+08 | J10: =(I10/$I$25) -> 0.0032630699 | K10: 7.7814985e+08 | L10: =(K10/$K$25) -> 0.0029695158 | M10: =((K10-I10)/I10) -> 0.012398007 | N10: =(G10/K10) -> 0.0016202175 | O10: =H10/K10 -> 0.3398097 | P10: =K10/V10 -> 324.13693 | Q10: =H10/V10 -> 110.14487 | R10: 935.51 | S10: 324.14 | T10: 196 | U10: 2283756 | V10: 2400682.5
A11: 7 | B11: FCMBAM Equity Fund | C11: FCMB Asset Management Limited | D11: 4.3477526e+09 | E11: 30285848 | F11: 0 | G11: 7525770.3 | H11: =(E11+F11)-G11 -> 22760078 | I11: 4.2313323e+09 | J11: =(I11/$I$25) -> 0.017963525 | K11: 4.3232518e+09 | L11: =(K11/$K$25) -> 0.016498062 | M11: =((K11-I11)/I11) -> 0.021723519 | N11: =(G11/K11) -> 0.0017407661 | O11: =H11/K11 -> 0.0052645737 | P11: =K11/V11 -> 8.4927579 | Q11: =H11/V11 -> 0.044710749 | R11: 936.51 | S11: 8.55 | T11: 3817 | U11: 504556197 | V11: 5.0905158e+08
A12: 8 | B12: First Asset Nigeria Smart Beta Equity Fund | C12: First Asset Management Limited | D12: 6.8372138e+09 | E12: 15685096 | F12: 83131776 | G12: 11148837 | H12: =(E12+F12)-G12 -> 87668036 | I12: 6.2298284e+09 | J12: =(I12/$I$25) -> 0.026447858 | K12: 6.755317e+09 | L12: =(K12/$K$25) -> 0.025779123 | M12: =((K12-I12)/I12) -> 0.084350409 | N12: =(G12/K12) -> 0.0016503795 | O12: =H12/K12 -> 0.012977635 | P12: =K12/V12 -> 645.27349 | Q12: =H12/V12 -> 8.3741237 | R12: 937.51 | S12: 654.41 | T12: 2801 | U12: 10021515 | V12: 10468921
A13: 9 | B13: Frontier Fund | C13: SCM Capital Limited | D13: 6.7425396e+08 | E13: 19736459 | F13: 1.8190923e+08 | G13: 1942410.1 | H13: =(E13+F13)-G13 -> 1.9970328e+08 | I13: 6.4872439e+08 | J13: =(I13/$I$25) -> 0.0027540679 | K13: 6.4558774e+08 | L13: =(K13/$K$25) -> 0.0024636425 | M13: =((K13-I13)/I13) -> -0.0048350964 | N13: =(G13/K13) -> 0.0030087468 | O13: =H13/K13 -> 0.30933562 | P13: =K13/V13 -> 322.47543 | Q13: =H13/V13 -> 99.753135 | R13: 938.51 | S13: 334.1 | T13: 2475 | U13: 2001975 | V13: 2001975
A14: 10 | B14: Futureview Equity Fund | C14: Futureview Asset Management Limited | D14: 1.4859903e+08 | E14: 1218079.1 | F14: 47397262 | G14: 5006202 | H14: =(E14+F14)-G14 -> 43609139 | I14: 1.4757986e+08 | J14: =(I14/$I$25) -> 0.00062652949 | K14: 1.5803941e+08 | L14: =(K14/$K$25) -> 0.00060309788 | M14: =((K14-I14)/I14) -> 0.070873812 | N14: =(G14/K14) -> 0.031676922 | O14: =H14/K14 -> 0.27593838 | P14: =K14/V14 -> 529.70269 | Q14: =H14/V14 -> 146.1653 | R14: 939.51 | S14: 537.52 | T14: 43 | U14: 283903.98 | V14: 298354.93
A15: 11 | B15: Guaranty Trust Equity Income Fund | C15: Guaranty Trust Fund Managers Limited | D15: 2.4943891e+10 | E15: 79997683 | F15: 2.066992e+08 | G15: 40968686 | H15: =(E15+F15)-G15 -> 2.457282e+08 | I15: 2.05434e+10 | J15: =(I15/$I$25) -> 0.08721411 | K15: 2.4295875e+10 | L15: =(K15/$K$25) -> 0.092716056 | M15: =((K15-I15)/I15) -> 0.18266083 | N15: =(G15/K15) -> 0.0016862404 | O15: =H15/K15 -> 0.010113988 | P15: =K15/V15 -> 6.0337134 | Q15: =H15/V15 -> 0.061024907 | R15: 940.51 | S15: 6.09 | T15: 11444 | U15: 3.4126592e+09 | V15: 4.026687e+09
A16: 12 | B16: Halo Equity Fund | C16: Halo Nigeria Capital Management Limited | D16: 3.9557058e+08 | E16: 89991136 | F16: 0 | G16: 1607362.8 | H16: =(E16+F16)-G16 -> 88383773 | I16: 5.6573086e+08 | J16: =(I16/$I$25) -> 0.0024017306 | K16: 5.5714856e+08 | L16: =(K16/$K$25) -> 0.0021261476 | M16: =((K16-I16)/I16) -> -0.015170295 | N16: =(G16/K16) -> 0.0028849807 | O16: =H16/K16 -> 0.15863592 | P16: =K16/V16 -> 47.355526 | Q16: =H16/V16 -> 7.5122873 | R16: 941.51 | S16: 47.240208 | T16: 117 | U16: 12048242 | V16: 11765228
... A24: 20 | B24: Zrosk Magna Equity Fund | C24: Zrosk Investment Management Limited | D24: 22095266624 | E24: 77156594 | F24: 2.1796439e+08 | G24: 45901419 | H24: =(E24+F24)-G24 -> 2.4921956e+08 | I24: 20729669754 | J24: =(I24/$I$25) -> 0.08800489 | K24: 23268501583 | L24: =(K24/$K$25) -> 0.088795472 | M24: =((K24-I24)/I24) -> 0.12247334 | N24: =(G24/K24) -> 0.0019726848 | O24: =H24/K24 -> 0.010710598 | P24: =K24/V24 -> 364.19597 | Q24: =H24/V24 -> 3.9007566 | R24: 949.51 | S24: 366.53 | T24: 163 | U24: 57888707 | V24: 63890057
A25: Sub Total | I25: =SUM(I5:I24) -> 2.3555134e+11 | J25: =(I25/$I$247) -> 0.026527655 | K25: =SUM(K5:K24) -> 2.6204604e+11 | L25: =(K25/$K$247) -> 0.028940499 | M25: =((K25-I25)/I25) -> 0.1124795 | T25: =SUM(T5:T24) -> 101141
A27: MONEY MARKET FUNDS
A28: 21 | B28: Afrinvest Plutus Fund | C28: Afrinvest Asset Management Ltd. | D28: 6.0917077e+09 | E28: 89488155 | F28: 0 | G28: 11478496 | H28: =(E28+F28)-G28 -> 78009659 | I28: 6.1263865e+09 | J28: =(I28/$I$75) -> 0.0010756663 | K28: 5.8923436e+09 | L28: =(K28/$K$75) -> 0.0010096339 | M28: =((K28-I28)/I28) -> -0.038202441 | N28: =(G28/K28) -> 0.0019480358 | O28: =H28/K28 -> 0.013239157 | P28: =K28/V28 -> 100.26045 | Q28: =H28/V28 -> 1.3273638 | R28: 100 | S28: 100 | T28: 924 | U28: 61075850 | V28: 58770370
A29: 22 | B29: AIICO Money Market Fund | C29: AIICO Capital Ltd | D29: 3.8214568e+10 | E29: 7.1990786e+08 | F29: 0 | G29: 67140681 | H29: =(E29+F29)-G29 -> 6.5276718e+08 | I29: 4.0162857e+10 | J29: =(I29/$I$75) -> 0.0070517641 | K29: 4.0910525e+10 | L29: =(K29/$K$75) -> 0.0070098852 | M29: =((K29-I29)/I29) -> 0.018615899 | N29: =(G29/K29) -> 0.0016411591 | O29: =H29/K29 -> 0.015955972 | P29: =K29/V29 -> 102.85652 | Q29: =H29/V29 -> 1.6411757 | R29: 100 | S29: 100 | T29: 4982 | U29: 4.0443264e+08 | V29: 3.9774364e+08
A30: 23 | B30: Alpha10 Money Market Fund | C30: Alpha10 Fund Management Limited | D30: 1.2325242e+09 | E30: 28073290 | F30: 0 | G30: 3162294.7 | H30: =(E30+F30)-G30 -> 24910996 | I30: 1.8463293e+09 | J30: =(I30/$I$75) -> 0.00032417711 | K30: 1.6985068e+09 | L30: =(K30/$K$75) -> 0.00029103362 | M30: =((K30-I30)/I30) -> -0.080062906 | N30: =(G30/K30) -> 0.0018618086 | O30: =H30/K30 -> 0.014666409 | P30: =K30/V30 -> 0.9959124 | Q30: =H30/V30 -> 0.014606459 | R30: 1 | S30: 1 | T30: 196 | U30: 1853181243 | V30: 1705478144
A31: 24 | B31: Anchoria Money Market Fund | C31: Anchoria Asset Management Limited | D31: 3.5526819e+09 | E31: 50128964 | F31: 0 | G31: 4573130.6 | H31: =(E31+F31)-G31 -> 45555833 | I31: 3.374218e+09 | J31: =(I31/$I$75) -> 0.00059244264 | K31: 3.612153e+09 | L31: =(K31/$K$75) -> 0.00061893066 | M31: =((K31-I31)/I31) -> 0.070515599 | N31: =(G31/K31) -> 0.0012660401 | O31: =H31/K31 -> 0.012611823 | P31: =K31/V31 -> 127.37841 | Q31: =H31/V31 -> 1.6064739 | R31: 100 | S31: 100 | T31: 1971 | U31: 26880323 | V31: 28357655
A32: 25 | B32: Apel Wealth Money Market Fund | C32: Apel Wealth Management Limited | D32: 4.8038843e+08 | E32: 33192627 | F32: 0 | G32: 3341618.2 | H32: =(E32+F32)-G32 -> 29851009 | I32: 1.8463293e+09 | J32: =(I32/$I$75) -> 0.00032417711 | K32: 1.3806697e+09 | L32: =(K32/$K$75) -> 0.00023657326 | M32: =((K32-I32)/I32) -> -0.25220831 | N32: =(G32/K32) -> 0.0024202879 | O32: =H32/K32 -> 0.021620673 | P32: =K32/V32 -> 100 | Q32: =H32/V32 -> 2.1620673 | R32: 1 | S32: 1 | T32: 161 | U32: 9551977.3 | V32: 13806697
A33: 26 | B33: ARM Money Market Fund | C33: ARM Investment Managers Limited | D33: 152219894236 | E33: 6055222727 | F33: 0 | G33: 6055222727 | H33: =(E33+F33)-G33 -> 0 | I33: 405313077838 | J33: =(I33/$I$75) -> 0.071164563 | K33: 405313077838 | L33: =(K33/$K$75) -> 0.069449076 | M33: =((K33-I33)/I33) -> 0 | N33: =(G33/K33) -> 0.014939618 | O33: =H33/K33 -> 0 | P33: =K33/V33 -> 1 | Q33: =H33/V33 -> 0 | R33: 1 | S33: 1 | T33: 84170 | U33: 390223685451 | V33: 405313077838
A34: 27 | B34: AVA GAM Money Market Fund | C34: AVA Global Asset Managers Limited | D34: 1.261698e+09 | E34: 39632925 | F34: 0 | G34: 4859462.6 | H34: =(E34+F34)-G34 -> 34773463 | I34: 2.3678558e+09 | J34: =(I34/$I$75) -> 0.00041574633 | K34: 2.1463378e+09 | L34: =(K34/$K$75) -> 0.000367768 | M34: =((K34-I34)/I34) -> -0.093552138 | N34: =(G34/K34) -> 0.0022640716 | O34: =H34/K34 -> 0.0162013 | P34: =K34/V34 -> 0.95744918 | Q34: =H34/V34 -> 0.015511921 | R34: 1 | S34: 1 | T34: 418 | U34: 2450259460 | V34: 2241725075
A35: 28 | B35: AXA Mansard Money Market Fund | C35: AXA Mansard Investments Limited | D35: 4.887641e+10 | E35: 2.5120799e+09 | F35: 0 | G35: 2.3798674e+08 | H35: =(E35+F35)-G35 -> 2.2740932e+09 | I35: 1.727699e+11 | J35: =(I35/$I$75) -> 0.030334808 | K35: 1.727699e+11 | L35: =(K35/$K$75) -> 0.02960356 | M35: =((K35-I35)/I35) -> 0 | N35: =(G35/K35) -> 0.001377478 | O35: =H35/K35 -> 0.013162554 | P35: =K35/V35 -> 1.0261517 | Q35: =H35/V35 -> 0.013506778 | R35: 1 | S35: 1 | T35: 40594 | U35: 1.7185612e+11 | V35: 1.6836682e+11
A36: 29 | B36: CardinalStone Money Market Fund | C36: CardinalStone Asset Mgt. Limited | D36: 2.9088225e+10 | E36: 4.1761075e+08 | F36: 0 | G36: 36282431 | H36: =(E36+F36)-G36 -> 3.8132832e+08 | I36: 2.7010534e+10 | J36: =(I36/$I$75) -> 0.0047424891 | K36: 2.8576468e+10 | L36: =(K36/$K$75) -> 0.0048964847 | M36: =((K36-I36)/I36) -> 0.057974945 | N36: =(G36/K36) -> 0.0012696611 | O36: =H36/K36 -> 0.013344138 | P36: =K36/V36 -> 1 | Q36: =H36/V36 -> 0.013344138 | R36: 1 | S36: 1 | T36: 1947 | U36: 2.7010534e+10 | V36: 2.8576468e+10
A37: 30 | B37: Chapel Hill Denham Money Market Fund | C37: Chapel Hill Denham Mgt. Limited | D37: 4.0772355e+10 | E37: 5.8173518e+08 | F37: 0 | G37: 68347577 | H37: =(E37+F37)-G37 -> 5.133876e+08 | I37: 3.9913423e+10 | J37: =(I37/$I$75) -> 0.0070079686 | K37: 3.9645317e+10 | L37: =(K37/$K$75) -> 0.006793096 | M37: =((K37-I37)/I37) -> -0.0067171754 | N37: =(G37/K37) -> 0.001723976 | O37: =H37/K37 -> 0.012949514 | P37: =K37/V37 -> 100.00029 | Q37: =H37/V37 -> 1.2949552 | R37: 100 | S37: 100 | T37: 10728 | U37: 3.9913285e+08 | V37: 3.9645202e+08
A38: 31 | B38: Comercio Partners Money Market Fund | C38: Comercio Partners Asset Management Limited | D38: 3.4224063e+09 | E38: 1.0182596e+08 | F38: 0 | G38: 4836380.2 | H38: =(E38+F38)-G38 -> 96989580 | I38: 3.8328317e+09 | J38: =(I38/$I$75) -> 0.00067296569 | K38: 3.2955867e+09 | L38: =(K38/$K$75) -> 0.00056468805 | M38: =((K38-I38)/I38) -> -0.14016921 | N38: =(G38/K38) -> 0.0014675324 | O38: =H38/K38 -> 0.02943014 | P38: =K38/V38 -> 0.99862596 | Q38: =H38/V38 -> 0.029389702 | R38: 1 | S38: 1 | T38: 766 | U38: 3.8270944e+09 | V38: 3.3001212e+09
A39: 32 | B39: Coral Money Market Fund | C39: FSDH Asset Management Ltd | D39: 1.0507484e+11 | E39: 1.5403452e+09 | F39: 0 | G39: 1.6632435e+08 | H39: =(E39+F39)-G39 -> 1.3740208e+09 | I39: 9.7973286e+10 | J39: =(I39/$I$75) -> 0.017202075 | K39: 1.0200774e+11 | L39: =(K39/$K$75) -> 0.017478695 | M39: =((K39-I39)/I39) -> 0.04117915 | N39: =(G39/K39) -> 0.0016305071 | O39: =H39/K39 -> 0.01346977 | P39: =K39/V39 -> 100 | Q39: =H39/V39 -> 1.346977 | R39: 100 | S39: 100 | T39: 6276 | U39: 9.7973286e+08 | V39: 1.0200774e+09
... A49: 42 | B49: FSL Money Market Fund | C49: FSL Asset Management Limited | D49: 5.4265075e+09 | E49: 84512805 | F49: 0 | G49: 6841271.7 | H49: =(E49+F49)-G49 -> 77671534 | I49: 5126533258 | J49: =(I49/$I$75) -> 0.00090011283 | K49: 5.7477457e+09 | L49: =(K49/$K$75) -> 0.0009848575 | M49: =((K49-I49)/I49) -> 0.12117593 | N49: =(G49/K49) -> 0.001190253 | O49: =H49/K49 -> 0.013513391 | P49: =K49/V49 -> 1.0124772 | Q49: =H49/V49 -> 0.013682 | R49: 1 | S49: 1 | T49: 876 | U49: 5.1347722e+09 | V49: 5.6769136e+09
A50: 43 | B50: Fundvine Money Market Fund | C50: Fundvine Berkshire Asset Management Limited | E50: 50400000 | F50: 0 | G50: 0 | H50: =(E50+F50)-G50 -> 50400000 | I50: 8498998.6 | J50: =(I50/$I$75) -> 1.4922477e-06 | K50: 8498998.6 | L50: =(K50/$K$75) -> 1.4562757e-06 | M50: =((K50-I50)/I50) -> 0 | N50: =(G50/K50) -> 0 | O50: =H50/K50 -> 5.9301104 | P50: =K50/V50 -> 0.0079928788 | Q50: =H50/V50 -> 0.047398654 | R50: 1 | S50: 1 | T50: 24 | U50: 1000000000 | V50: 1.0633213e+09
A51: 44 | B51: GDL Money Market Fund | C51: Growth and Development Asset Management Limited | D51: 2.219415e+09 | E51: 30376687 | F51: 0 | G51: 1790839.1 | H51: =(E51+F51)-G51 -> 28585848 | I51: 2.0277166e+09 | J51: =(I51/$I$75) -> 0.00035602494 | K51: 2.1452897e+09 | L51: =(K51/$K$75) -> 0.0003675884 | M51: =((K51-I51)/I51) -> 0.057983014 | N51: =(G51/K51) -> 0.00083477727 | O51: =H51/K51 -> 0.013324936 | P51: =K51/V51 -> 10.140564 | Q51: =H51/V51 -> 0.13512236 | R51: 10 | S51: 10 | T51: 566 | U51: 201788292 | V51: 211555271
A52: 45 | B52: Greenwich Plus Money Market | C52: Greenwich Asst Management Ltd | D52: 4.3341256e+09 | E52: 4.4497035e+08 | F52: 0 | G52: 29066621 | H52: =(E52+F52)-G52 -> 4.1590373e+08 | I52: 1.4144972e+10 | J52: =(I52/$I$75) -> 0.0024835635 | K52: 1.3379146e+10 | L52: =(K52/$K$75) -> 0.0022924731 | M52: =((K52-I52)/I52) -> -0.054141233 | N52: =(G52/K52) -> 0.0021725318 | O52: =H52/K52 -> 0.03108597 | P52: =K52/V52 -> 99.44303 | Q52: =H52/V52 -> 3.091283 | R52: 100 | S52: 100 | T52: 2024 | U52: 142787531 | V52: 134540812
A53: 46 | B53: GTI Money Market Fund | C53: GTI Asset Management & Trust Limited | D53: 1.5145481e+08 | E53: 2344718.8 | F53: 0 | G53: 200145.05 | H53: =(E53+F53)-G53 -> 2144573.7 | I53: 1.5115562e+08 | J53: =(I53/$I$75) -> 2.6539789e-05 | K53: 1.5015979e+08 | L53: =(K53/$K$75) -> 2.5729392e-05 | M53: =((K53-I53)/I53) -> -0.0065880732 | N53: =(G53/K53) -> 0.0013328804 | O53: =H53/K53 -> 0.014281944 | P53: =K53/V53 -> 1.0292583 | Q53: =H53/V53 -> 0.014699809 | R53: 1 | S53: 1 | T53: 147 | U53: 1.2720479e+08 | V53: 1.4589126e+08
A54: 47 | B54: Guaranty Trust Investment Fund 724 | C54: Guaranty Trust Fund Managers Limited | D54: 3.1958606e+09 | E54: 39962623 | F54: 0 | G54: 3437540.6 | H54: =(E54+F54)-G54 -> 36525082 | I54: 2.4915039e+09 | J54: =(I54/$I$75) -> 0.00043745637 | K54: 3.146265e+09 | L54: =(K54/$K$75) -> 0.00053910226 | M54: =((K54-I54)/I54) -> 0.26279755 | N54: =(G54/K54) -> 0.0010925782 | O54: =H54/K54 -> 0.011609029 | P54: =K54/V54 -> 100 | Q54: =H54/V54 -> 1.1609029 | R54: 100 | S54: 100 | T54: 13812 | U54: 24915039 | V54: 31462650
A55: 48 | B55: Guaranty Trust Money Market Fund | C55: Guaranty Trust Fund Managers Limited | D55: 5.0207481e+11 | E55: 7.5056523e+09 | F55: 0 | G55: 5.8902793e+08 | H55: =(E55+F55)-G55 -> 6.9166244e+09 | I55: 4.4852913e+11 | J55: =(I55/$I$75) -> 0.078752404 | K55: 4.9278358e+11 | L55: =(K55/$K$75) -> 0.084436862 | M55: =((K55-I55)/I55) -> 0.098665738 | N55: =(G55/K55) -> 0.0011953075 | O55: =H55/K55 -> 0.014035825 | P55: =K55/V55 -> 100 | Q55: =H55/V55 -> 1.4035825 | R55: 100 | S55: 100 | T55: 46926 | U55: 4.4852913e+09 | V55: 4.9278358e+09
A56: 49 | B56: Mango Naira Money Maket Fund | C56: Mango Asset Management Limited | D56: 2.9528102e+09 | E56: 98326688 | G56: 98326688 | H56: =(E56+F56)-G56 -> 0.10000001 | I56: 6.3362073e+09 | J56: =(I56/$I$75) -> 0.0011125065 | K56: 5947919373 | L56: =(K56/$K$75) -> 0.0010191566 | M56: =((K56-I56)/I56) -> -0.061280812 | N56: =(G56/K56) -> 0.016531275 | O56: =H56/K56 -> 1.6812603e-11 | P56: =K56/V56 -> 100 | Q56: =H56/V56 -> 1.6812603e-09 | R56: 100 | S56: 100 | T56: 1014 | U56: 63362073 | V56: 59479194
A57: 50 | B57: Meristem Money Market Fund | C57: Meristem Wealth Management Limited | D57: 1.1886323e+11 | E57: 1.6967813e+09 | F57: 0 | G57: 1.6225909e+08 | H57: =(E57+F57)-G57 -> 1.5345222e+09 | I57: 1.126839e+11 | J57: =(I57/$I$75) -> 0.019784955 | K57: 1.1729415e+11 | L57: =(K57/$K$75) -> 0.02009797 | M57: =((K57-I57)/I57) -> 0.040913065 | N57: =(G57/K57) -> 0.0013833519 | O57: =H57/K57 -> 0.013082683 | P57: =K57/V57 -> 9.9911829 | Q57: =H57/V57 -> 0.13071148 | R57: 10 | S57: 10 | T57: 11404 | U57: 1.1243852e+10 | V57: 1.1739766e+10
A58: 51 | B58: Myrtle Nest(MyNest Money Market Fund) | C58: Myrtle Asset Management and Trust Limited | D58: 4.1270235e+08 | E58: 9135497.5 | F58: 0 | G58: 8147800.8 | H58: =(E58+F58)-G58 -> 987696.66 | I58: 4.4043565e+08 | J58: =(I58/$I$75) -> 7.7331357e-05 | K58: 4.4021818e+08 | L58: =(K58/$K$75) -> 7.5429952e-05 | M58: =((K58-I58)/I58) -> -0.00049374441 | N58: =(G58/K58) -> 0.018508551 | O58: =H58/K58 -> 0.0022436526 | P58: =K58/V58 -> 1.0400461 | Q58: =H58/V58 -> 0.0023335021 | R58: 1 | S58: 1 | T58: 298 | U58: 4.6982561e+08 | V58: 4.2326795e+08
A59: 52 | B59: Norrenberger Money Market Fund | C59: Norrenberger Investment and Capital Mgt Limited | D59: 2.1266867e+10 | E59: 5.8952582e+08 | F59: 1.3306557e+08 | G59: 58088828 | H59: =(E59+F59)-G59 -> 6.6450256e+08 | I59: 43928340162 | J59: =(I59/$I$75) -> 0.0077129047 | K59: 45979499068 | L59: =(K59/$K$75) -> 0.0078784374 | M59: =((K59-I59)/I59) -> 0.046693294 | N59: =(G59/K59) -> 0.0012633637 | O59: =H59/K59 -> 0.014452149 | P59: =K59/V59 -> 100 | Q59: =H59/V59 -> 1.4452149 | R59: 100 | S59: 100 | T59: 6550 | U59: 4.392834e+08 | V59: 4.5979499e+08
A60: 53 | B60: NOVA Prime Money Market Fund | C60: NOVAMBL Asset Management Limited | D60: 197417005 | E60: 5603301.7 | F60: 0 | G60: 64392.4 | H60: =(E60+F60)-G60 -> 5538909.3 | I60: 1.741667e+08 | J60: =(I60/$I$75) -> 3.0580057e-05 | K60: 1.8369026e+08 | L60: =(K60/$K$75) -> 3.1474729e-05 | M60: =((K60-I60)/I60) -> 0.054680753 | N60: =(G60/K60) -> 0.00035054879 | O60: =H60/K60 -> 0.030153527 | P60: =K60/V60 -> 1.0053386 | Q60: =H60/V60 -> 0.030314504 | R60: 1 | S60: 1 | T60: 119 | U60: 163899274 | V60: 1.8271482e+08
A61: 54 | B61: PACAM Money Market Fund | C61: PAC Asset Management Ltd. | D61: 2.7236403e+09 | E61: 86066558 | F61: 0 | G61: 3692980.1 | H61: =(E61+F61)-G61 -> 82373578 | I61: 2.9828111e+09 | J61: =(I61/$I$75) -> 0.00052371971 | K61: 2.7882228e+09 | L61: =(K61/$K$75) -> 0.00047775289 | M61: =((K61-I61)/I61) -> -0.065236557 | N61: =(G61/K61) -> 0.0013244925 | O61: =H61/K61 -> 0.029543399 | P61: =K61/V61 -> 10.22816 | Q61: =H61/V61 -> 0.30217461 | R61: 10 | S61: 10 | T61: 139 | U61: 273542632 | V61: 2.7260258e+08
A62: 55 | B62: Page Money Market Fund | C62: Page Asset Management Limited | D62: 1.1538841e+09 | E62: 30838913 | F62: 0 | G62: 4022341.9 | H62: =(E62+F62)-G62 -> 26816571 | I62: 1700540419 | J62: =(I62/$I$75) -> 0.0002985796 | K62: 1963040035 | L62: =(K62/$K$75) -> 0.00033636052 | M62: =((K62-I62)/I62) -> 0.15436247 | N62: =(G62/K62) -> 0.0020490371 | O62: =H62/K62 -> 0.013660736 | P62: =K62/V62 -> 1 | Q62: =H62/V62 -> 0.013660736 | R62: 1 | S62: 1 | T62: 276 | U62: 1700540419 | V62: 1963040035
A63: 56 | B63: Parthian Money Market Fund | C63: Parthian Capital Ltd. | D63: 1.4636205e+09 | E63: 35794226 | F63: 0 | G63: 10425925 | H63: =(E63+F63)-G63 -> 25368301 | I63: 2.3502138e+09 | J63: =(I63/$I$75) -> 0.00041264877 | K63: 2.2719687e+09 | L63: =(K63/$K$75) -> 0.00038929443 | M63: =((K63-I63)/I63) -> -0.033292791 | N63: =(G63/K63) -> 0.0045889387 | O63: =H63/K63 -> 0.011165779 | P63: =K63/V63 -> 1.0000046 | Q63: =H63/V63 -> 0.011165831 | R63: 1 | S63: 1 | T63: 620 | U63: 2.3502138e+09 | V63: 2.2719581e+09
A64: 57 | B64: RMBN Money Market Fund | C64: RMB Nigeria Asset Management Ltd. | D64: 1.3727766e+10 | E64: 2.0491e+08 | F64: 0 | G64: 2.0491e+08 | H64: =(E64+F64)-G64 -> 0.0020000041 | I64: 1.5246992e+10 | J64: =(I64/$I$75) -> 0.0026770552 | K64: 1.332496e+10 | L64: =(K64/$K$75) -> 0.0022831885 | M64: =((K64-I64)/I64) -> -0.12605973 | N64: =(G64/K64) -> 0.015377907 | O64: =H64/K64 -> 1.5009457e-13 | P64: =K64/V64 -> 97.016039 | Q64: =H64/V64 -> 1.456158e-11 | R64: 100 | S64: 100 | T64: 166 | U64: 1.5493801e+08 | V64: 1.3734801e+08
A65: 58 | B65: RT Briscoe Savings & Investment Fund | C65: DLM Asset Management Limited | D65: 3.4019106e+08 | E65: 4169438.4 | F65: 0 | G65: 298889.9 | H65: =(E65+F65)-G65 -> 3870548.5 | I65: 105315000 | J65: =(I65/$I$75) -> 1.8491128e-05 | K65: 316455000 | L65: =(K65/$K$75) -> 5.4223534e-05 | M65: =((K65-I65)/I65) -> 2.0048426 | N65: =(G65/K65) -> 0.00094449416 | O65: =H65/K65 -> 0.01223096 | P65: =K65/V65 -> 1000 | Q65: =H65/V65 -> 12.23096 | R65: 1000 | S65: 1000 | T65: 33 | U65: 105315 | V65: 316455
A66: 59 | B66: SCM Capital Money Market Fund | C66: SCM Capital Limited | D66: 2.3363729e+09 | E66: 36432967 | F66: 0 | G66: 35926497 | H66: =(E66+F66)-G66 -> 506470.44 | I66: 2138468968 | J66: =(I66/$I$75) -> 0.00037547076 | K66: 2.2331174e+09 | L66: =(K66/$K$75) -> 0.00038263739 | M66: =((K66-I66)/I66) -> 0.04425989 | N66: =(G66/K66) -> 0.016088047 | O66: =H66/K66 -> 0.00022679974 | P66: =K66/V66 -> 0.9357647 | Q66: =H66/V66 -> 0.00021223119 | R66: 1 | S66: 1 | T66: 383 | U66: 2.1716391e+09 | V66: 2.3864091e+09
A67: 60 | B67: Stanbic IBTC Money Market Fund | C67: Stanbic IBTC Asset Mgt. Limited | D67: 2.8256818e+12 | E67: 4.0582098e+10 | F67: 0 | G67: 4.6254986e+09 | H67: =(E67+F67)-G67 -> 3.59566e+10 | I67: 2.7808112e+12 | J67: =(I67/$I$75) -> 0.48825272 | K67: 2.8275634e+12 | L67: =(K67/$K$75) -> 0.48449377 | M67: =((K67-I67)/I67) -> 0.016812421 | N67: =(G67/K67) -> 0.0016358603 | O67: =H67/K67 -> 0.012716461 | P67: =K67/V67 -> 1 | Q67: =H67/V67 -> 0.012716461 | R67: 100 | S67: 100 | T67: 335443 | U67: 2.7808112e+12 | V67: 2.8275634e+12
A68: 61 | B68: STL Money Market Fund | C68: STL Asset Mgt. Limited | D68: 6.2301295e+09 | E68: 5.7982898e+08 | F68: 0 | G68: 68764461 | H68: =(E68+F68)-G68 -> 5.1106452e+08 | I68: 1.3586231e+10 | J68: =(I68/$I$75) -> 0.0023854601 | K68: 1.5319835e+10 | L68: =(K68/$K$75) -> 0.0026250038 | M68: =((K68-I68)/I68) -> 0.12760008 | N68: =(G68/K68) -> 0.0044885902 | O68: =H68/K68 -> 0.033359662 | P68: =K68/V68 -> 100 | Q68: =H68/V68 -> 3.3359662 | R68: 100 | S68: 100 | T68: 1478 | U68: 1.3586231e+08 | V68: 1.5319835e+08
... A72: 65 | B72: Vetiva Money Market Fund | C72: Vetiva Fund Managers Limited | D72: 1.1335423e+10 | E72: 1.5279213e+08 | F72: 0 | G72: 15753621 | H72: =(E72+F72)-G72 -> 1.3703851e+08 | I72: 1.0331215e+10 | J72: =(I72/$I$75) -> 0.0018139468 | K72: 1.1360157e+10 | L72: =(K72/$K$75) -> 0.0019465259 | M72: =((K72-I72)/I72) -> 0.099595499 | N72: =(G72/K72) -> 0.0013867432 | O72: =H72/K72 -> 0.012063082 | P72: =K72/V72 -> 1.0222222 | Q72: =H72/V72 -> 0.01233115 | R72: 1 | S72: 1 | T72: 693 | U72: 1.0216157e+11 | V72: 1.1113198e+10
A73: 66 | B73: Zedcrest Money Market Fund | C73: Zedcrest Investment Managers Limited | D73: 5.4068901e+09 | E73: 2.7983932e+08 | G73: 35487780 | H73: =(E73+F73)-G73 -> 2.4435154e+08 | I73: 1.5470884e+10 | J73: =(I73/$I$75) -> 0.0027163662 | K73: 1.8172659e+10 | L73: =(K73/$K$75) -> 0.003113826 | M73: =((K73-I73)/I73) -> 0.17463609 | N73: =(G73/K73) -> 0.0019528116 | O73: =H73/K73 -> 0.013446108 | P73: =K73/V73 -> 1.0016768 | Q73: =H73/V73 -> 0.013468655 | R73: 1 | S73: 1 | T73: 3066 | U73: 1.5470884e+10 | V73: 1.8142238e+10
A74: 67 | B74: Zenith Money Market Fund | C74: Zenith Asset Management Ltd | D74: 1.5127794e+11 | E74: 2.1961922e+09 | F74: 0 | G74: 1.8223013e+08 | H74: =(E74+F74)-G74 -> 2.0139621e+09 | I74: 1.4840106e+11 | J74: =(I74/$I$75) -> 0.026056146 | K74: 1.556623e+11 | L74: =(K74/$K$75) -> 0.026672228 | M74: =((K74-I74)/I74) -> 0.048929805 | N74: =(G74/K74) -> 0.0011706761 | O74: =H74/K74 -> 0.012938021 | P74: =K74/V74 -> 1.0237806 | Q74: =H74/V74 -> 0.013245695 | R74: 1 | S74: 1 | T74: 8602 | U74: 1.4657238e+11 | V74: 1.5204654e+11
A75: Sub Total | I75: =SUM(I28:I74) -> 5.6954341e+12 | J75: =(I75/$I$247) -> 0.64141647 | K75: =SUM(K28:K74) -> 5.8361191e+12 | L75: =(K75/$K$247) -> 0.64454399 | M75: =((K75-I75)/I75) -> 0.02470137 | T75: =SUM(T28:T74) -> 713850
A77: BOND/FIXED INCOME FUNDS
A78: 68 | B78: Anchoria Fixed Income Fund | C78: Anchoria Asset Management Limited | D78: 1.1007812e+09 | E78: 16204994 | F78: 0 | G78: 1538610.2 | H78: =(E78+F78)-G78 -> 14666384 | I78: 1.1364286e+09 | J78: =(I78/$I$116) -> 0.0048436079 | K78: 1.1401397e+09 | L78: =(K78/$K$116) -> 0.0048782223 | M78: =((K78-I78)/I78) -> 0.0032655956 | N78: =(G78/K78) -> 0.0013494927 | O78: =H78/K78 -> 0.012863673 | P78: =K78/V78 -> 1.7761279 | Q78: =H78/V78 -> 0.022847528 | R78: 1.78 | S78: 1.78 | T78: 434 | U78: 6.425184e+08 | V78: 6.4192433e+08
A79: 69 | B79: ARM Fixed Income Fund | C79: ARM Investment Managers Limited | D79: 964842945 | E79: 15959932 | F79: 3104684 | G79: 2446478 | H79: =(E79+F79)-G79 -> 16618138 | I79: 1207175560 | J79: =(I79/$I$116) -> 0.0051451408 | K79: 1207175560 | L79: =(K79/$K$116) -> 0.0051650431 | M79: =((K79-I79)/I79) -> 0 | N79: =(G79/K79) -> 0.0020266133 | O79: =H79/K79 -> 0.013766132 | P79: =K79/V79 -> 1.3790519 | Q79: =H79/V79 -> 0.018984211 | R79: 1.3791 | S79: 1.3791 | T79: 1532 | U79: 889495394 | V79: 875366278
A80: 70 | B80: ARM Short Term-Bond Fund | C80: ARM Investment Managers | D80: 497449689 | E80: 11663870 | F80: 22710 | G80: 1260852 | H80: =(E80+F80)-G80 -> 10425728 | I80: 671867582 | J80: =(I80/$I$116) -> 0.0028635879 | K80: 671867582 | L80: =(K80/$K$116) -> 0.0028746648 | M80: =((K80-I80)/I80) -> 0 | N80: =(G80/K80) -> 0.0018766376 | O80: =H80/K80 -> 0.015517534 | P80: =K80/V80 -> 1.2376187 | Q80: =H80/V80 -> 0.01920479 | R80: 1.2376 | S80: 1.2376 | T80: 785 | U80: 536182881 | V80: 542871218
A81: 71 | B81: AVA GAM Fixed Income Naira Fund | C81: AVA Global Asset Managers Limited | D81: 2.72206e+08 | E81: 4290906 | F81: 0 | G81: 533497.73 | H81: =(E81+F81)-G81 -> 3757408.3 | I81: 3.2337647e+08 | J81: =(I81/$I$116) -> 0.001378273 | K81: 3.2311867e+08 | L81: =(K81/$K$116) -> 0.0013825014 | M81: =((K81-I81)/I81) -> -0.00079721379 | N81: =(G81/K81) -> 0.0016510892 | O81: =H81/K81 -> 0.011628571 | P81: =K81/V81 -> 1233.0609 | Q81: =H81/V81 -> 14.338735 | R81: 1233.06 | S81: 1233.06 | T81: 98 | U81: 262046 | V81: 262046
A82: 72 | B82: CardinalStone Fixed Income Alpha Fund | C82: CardinalStone Asset Mgt. Limited | D82: 1.9029467e+09 | E82: 27252378 | F82: 11407785 | G82: 182602.71 | H82: =(E82+F82)-G82 -> 38477561 | I82: 1.7937875e+09 | J82: =(I82/$I$116) -> 0.0076453581 | K82: 1.891762e+09 | L82: =(K82/$K$116) -> 0.008094127 | M82: =((K82-I82)/I82) -> 0.054618765 | N82: =(G82/K82) -> 9.6525202e-05 | O82: =H82/K82 -> 0.020339536 | P82: =K82/V82 -> 1.208769 | Q82: =H82/V82 -> 0.0245858 | R82: 1.1673 | S82: 1.1673 | T82: 1185 | U82: 1.5555741e+09 | V82: 1.5650319e+09
A83: 73 | B83: CEAT Fixed Income Fund | C83: Capital Express Assset & Trust Limited | D83: 5.2547836e+08 | E83: 5060755.2 | F83: 0 | G83: 972920.04 | H83: =(E83+F83)-G83 -> 4087835.2 | I83: 5.0533426e+08 | J83: =(I83/$I$116) -> 0.002153801 | K83: 5.0935948e+08 | L83: =(K83/$K$116) -> 0.0021793546 | M83: =((K83-I83)/I83) -> 0.0079654597 | N83: =(G83/K83) -> 0.0019100853 | O83: =H83/K83 -> 0.0080254425 | P83: =K83/V83 -> 2.9007045 | Q83: =H83/V83 -> 0.023279437 | R83: 2.8918 | S83: 2.8918 | T83: 1389 | U83: 1.7559854e+08 | V83: 1.7559854e+08
A84: 74 | B84: CFG AM Fixed Income Naira Fund | C84: CFG Assset Management Limited | D84: 3.0328387e+09 | E84: 56031220 | F84: 0 | G84: 6782300.8 | H84: =(E84+F84)-G84 -> 49248919 | I84: 3.5087174e+09 | J84: =(I84/$I$116) -> 0.014954614 | K84: 3.7469059e+09 | L84: =(K84/$K$116) -> 0.016031579 | M84: =((K84-I84)/I84) -> 0.067884796 | N84: =(G84/K84) -> 0.0018101071 | O84: =H84/K84 -> 0.01314389 | P84: =K84/V84 -> 1218.9452 | Q84: =H84/V84 -> 16.021682 | R84: 1218.94 | S84: 1218.94 | T84: 329 | U84: 2932318 | V84: 3073892
A85: 75 | B85: Chapel Hill Denham Nigeria Bond Fund | C85: Chapel Hill Denham Mgt. Limited | D85: 1.2194545e+09 | E85: 15971438 | F85: 220509.8 | G85: 2526756.6 | H85: =(E85+F85)-G85 -> 13665191 | I85: 1.1902378e+09 | J85: =(I85/$I$116) -> 0.0050729496 | K85: 1.2139615e+09 | L85: =(K85/$K$116) -> 0.0051940777 | M85: =((K85-I85)/I85) -> 0.019931969 | N85: =(G85/K85) -> 0.0020814141 | O85: =H85/K85 -> 0.011256692 | P85: =K85/V85 -> 116.02097 | Q85: =H85/V85 -> 1.3060123 | R85: 116.02 | S85: 116.55 | T85: 3687 | U85: 10322438 | V85: 10463294
A86: 76 | B86: Comercio Partners Fixed Income Fund | C86: Comercio Partners Asset Management Limited | D86: 2.0309459e+08 | E86: 8504073.2 | F86: 0 | G86: 454340.96 | H86: =(E86+F86)-G86 -> 8049732.2 | I86: 1.9848594e+08 | J86: =(I86/$I$116) -> 0.00084597313 | K86: 1.98928e+08 | L86: =(K86/$K$116) -> 0.00085113694 | M86: =((K86-I86)/I86) -> 0.0022271858 | N86: =(G86/K86) -> 0.0022839467 | O86: =H86/K86 -> 0.040465556 | P86: =K86/V86 -> 12.129979 | Q86: =H86/V86 -> 0.49084635 | R86: 12.13 | S86: 12.13 | T86: 47 | U86: 16483473 | V86: 16399699
A87: 77 | B87: Coral Income Fund | C87: FSDH Asset Management Ltd | D87: 2.18819e+09 | E87: 26735745 | F87: 0 | G87: 4527760.5 | H87: =(E87+F87)-G87 -> 22207984 | I87: 2.1106778e+09 | J87: =(I87/$I$116) -> 0.0089959858 | K87: 2.1570632e+09 | L87: =(K87/$K$116) -> 0.0092292497 | M87: =((K87-I87)/I87) -> 0.021976578 | N87: =(G87/K87) -> 0.0020990393 | O87: =H87/K87 -> 0.010295472 | P87: =K87/V87 -> 5007.5639 | Q87: =H87/V87 -> 51.555234 | R87: 5007.56 | S87: 5007.56 | T87: 1231 | U87: 425908.55 | V87: 430761
A88: 78 | B88: Cordros Fixed Income Fund | C88: Cordros Asset Management Limited | D88: 3.3933348e+08 | E88: 4618497 | F88: 0 | G88: 7727763.2 | H88: =(E88+F88)-G88 -> -3109266.2 | I88: 3.693955e+08 | J88: =(I88/$I$116) -> 0.0015744121 | K88: 3.5658188e+08 | L88: =(K88/$K$116) -> 0.0015256777 | M88: =((K88-I88)/I88) -> -0.034688074 | N88: =(G88/K88) -> 0.021671778 | O88: =H88/K88 -> -0.0087196416 | P88: =K88/V88 -> 113.03818 | Q88: =H88/V88 -> -0.98565241 | R88: 113.18 | S88: 113.18 | T88: 97 | U88: 3216976 | V88: 3154526
A89: 79 | B89: Coronation Fixed Income Fund | C89: Coronation Asset Management Limited | D89: 1.0848234e+09 | E89: 16059199 | F89: 3560491 | G89: 2003512.4 | H89: =(E89+F89)-G89 -> 17616177 | I89: 1.1288184e+09 | J89: =(I89/$I$116) -> 0.0048111721 | K89: 1.0872532e+09 | L89: =(K89/$K$116) -> 0.0046519413 | M89: =((K89-I89)/I89) -> -0.036821794 | N89: =(G89/K89) -> 0.0018427284 | O89: =H89/K89 -> 0.01620246 | P89: =K89/V89 -> 1.574889 | Q89: =H89/V89 -> 0.025517076 | R89: 1.5749 | S89: 1.5749 | T89: 2920 | U89: 7.236629e+08 | V89: 6.9036817e+08
... A113: 103 | B113: Utica Custodian Assured Fixed Income Fund | C113: Utica Capital Limited | D113: 97000000 | E113: 3362882.2 | F113: 0 | G113: 479987.08 | H113: =(E113+F113)-G113 -> 2882895.1 | I113: 1.175428e+08 | J113: =(I113/$I$116) -> 0.00050098286 | K113: 1.1874802e+08 | L113: =(K113/$K$116) -> 0.00050807741 | M113: =((K113-I113)/I113) -> 0.010253415 | N113: =(G113/K113) -> 0.0040420639 | O113: =H113/K113 -> 0.024277416 | P113: =K113/V113 -> 119.64068 | Q113: =H113/V113 -> 2.9045665 | R113: 119.844 | S113: 119.844 | T113: 85 | U113: 990269.89 | V113: 992538.84
A114: 104 | B114: Zedcrest Fixed Income Fund | C114: Zedcrest Investment Managers Limited | D114: 4.9154156e+08 | E114: 7282302.6 | G114: 1032755.7 | H114: =(E114+F114)-G114 -> 6249546.9 | I114: 5.2938606e+08 | J114: =(I114/$I$116) -> 0.0022563129 | K114: 5.1714142e+08 | L114: =(K114/$K$116) -> 0.0022126506 | M114: =((K114-I114)/I114) -> -0.023129888 | N114: =(G114/K114) -> 0.0019970469 | O114: =H114/K114 -> 0.012084793 | P114: =K114/V114 -> 1.4509914 | Q114: =H114/V114 -> 0.01753493 | R114: 1.451 | S114: 1.451 | T114: 49 | U114: 3.6578866e+08 | V114: 3.5640557e+08
A115: 105 | B115: Zenith Income Fund | C115: Zenith Asset Management Ltd | D115: 2.0471257e+09 | E115: 21461417 | F115: 0 | G115: 3569607.2 | H115: =(E115+F115)-G115 -> 17891810 | I115: 2.0423914e+09 | J115: =(I115/$I$116) -> 0.0087049404 | K115: 2.0639613e+09 | L115: =(K115/$K$116) -> 0.0088309021 | M115: =((K115-I115)/I115) -> 0.010561103 | N115: =(G115/K115) -> 0.0017294933 | O115: =H115/K115 -> 0.008668675 | P115: =K115/V115 -> 31.778139 | Q115: =H115/V115 -> 0.27547436 | R115: 31.8313 | S115: 31.8313 | T115: 1343 | U115: 64855485 | V115: 64949093
A116: Sub Total | I116: =SUM(I78:I115) -> 2.346244e+11 | J116: =(I116/$I$247) -> 0.026423263 | K116: =SUM(K78:K115) -> 2.3372033e+11 | L116: =(K116/$K$247) -> 0.025812193 | M116: =((K116-I116)/I116) -> -0.0038532813 | T116: =SUM(T78:T115) -> 61681
A118: DOLLAR FUNDS
A119: EUROBONDS
A120: 106 | B120: Afrinvest Dollar Fund | C120: Afrinvest Asset Management Ltd. | D120: 3.7688304e+09 | E120: 24248209 | F120: 6199029.9 | G120: 7203899.9 | H120: =(E120+F120)-G120 -> 23243339 | I120: 3.7446175e+09 | J120: =(I120/$I$160) -> 0.0020146413 | K120: 3.7676817e+09 | L120: =(K120/$K$160) -> 0.0020460767 | M120: =((K120-I120)/I120) -> 0.006159297 | N120: =(G120/K120) -> 0.0019120246 | O120: =H120/K120 -> 0.0061691357 | P120: =K120/V120 -> 162507.66 | Q120: =H120/V120 -> 1002.5318 | R120: =118.3807*FX_RATE -> 162566.83 | S120: =118.3807*FX_RATE -> 162566.83 | T120: 190 | U120: 23115.54 | V120: 23184.64
A121: 107 | B121: AIICO Eurobond Fund | C121: AIICO Capital Ltd | D121: =3952517.89*C249 -> 5.427813e+09 | E121: =28034.55*FX_RATE -> 38498572 | F121: 0 | G121: =6721.11*C249 -> 9229794.6 | H121: =(E121+F121)-G121 -> 29268777 | I121: 5.2979261e+09 | J121: =(I121/$I$160) -> 0.0028503368 | K121: =3935751.57*FX_RATE -> 5.4047886e+09 | L121: =(K121/$K$160) -> 0.0029351237 | M121: =((K121-I121)/I121) -> 0.020170619 | N121: =(G121/K121) -> 0.0017077069 | O121: =H121/K121 -> 0.0054153418 | P121: =K121/V121 -> 145940.23 | Q121: =H121/V121 -> 790.31625 | R121: =100*C249 -> 137325.45 | S121: =100*C249 -> 137325.45 | T121: 113 | U121: 36497.42 | V121: 37034.26
A122: 108 | B122: ARM Eurobond Fund | C122: ARM Investment Managers Limited | D122: =8307896*FX_RATE -> 1.1408856e+10 | E122: =80342*FX_RATE -> 1.1033001e+08 | F122: =68039*C249 -> 93434863 | G122: =27797*FX_RATE -> 38172355 | H122: =(E122+F122)-G122 -> 1.6559252e+08 | I122: 1.8391172e+10 | J122: =(I122/$I$160) -> 0.0098946327 | K122: =13375951*FX_RATE -> 1.8368585e+10 | L122: =(K122/$K$160) -> 0.0099752412 | M122: =((K122-I122)/I122) -> -0.0012281235 | N122: =(G122/K122) -> 0.0020781326 | O122: =H122/K122 -> 0.0090149852 | P122: =K122/V122 -> 1688.2015 | Q122: =H122/V122 -> 15.219112 | R122: =1.2293*FX_RATE -> 1688.1418 | S122: =1.2293*FX_RATE -> 1688.1418 | T122: 341 | U122: 10766992 | V122: 10880564
A123: 109 | B123: ARM Short-Term Eurobond Fund | C123: ARM Investment Managers Limited | D123: =1992296*FX_RATE -> 2.7359294e+09 | E123: =18941*FX_RATE -> 26010813 | F123: =5563*FX_RATE -> 7639414.8 | G123: =8392*FX_RATE -> 11524352 | H123: =(E123+F123)-G123 -> 22125877 | I123: 4.2995942e+09 | J123: =(I123/$I$160) -> 0.0023132243 | K123: =3127107*FX_RATE -> 4.2943138e+09 | L123: =(K123/$K$160) -> 0.0023320694 | M123: =((K123-I123)/I123) -> -0.0012281235 | N123: =(G123/K123) -> 0.0026836306 | O123: =H123/K123 -> 0.0051523661 | P123: =K123/V123 -> 1456.6417 | Q123: =H123/V123 -> 7.5051513 | R123: =1.0607*FX_RATE -> 1456.611 | S123: =1.0607*FX_RATE -> 1456.611 | T123: 123 | U123: 2972480 | V123: 2948092
A124: 110 | B124: CardinalStone Dollar Fund | C124: CardinalStone Asset Mgt. Limited | D124: =35710795.42*FX_RATE -> 4.9040011e+10 | E124: =464911.59*FX_RATE -> 6.3844193e+08 | F124: =179330.35*C249 -> 2.4626621e+08 | G124: =41914.71*FX_RATE -> 57559564 | H124: =(E124+F124)-G124 -> 8.2714858e+08 | I124: 4.8610352e+10 | J124: =(I124/$I$160) -> 0.026152851 | K124: =35926882.48*FX_RATE -> 4.9336753e+10 | L124: =(K124/$K$160) -> 0.02679281 | M124: =((K124-I124)/I124) -> 0.014943349 | N124: =(G124/K124) -> 0.0011666671 | O124: =H124/K124 -> 0.016765363 | P124: =K124/V124 -> 1781.5337 | Q124: =H124/V124 -> 29.868059 | R124: =1.2968*FX_RATE -> 1780.8364 | S124: =1.2968*FX_RATE -> 1780.8364 | T124: 736 | U124: 27726956 | V124: 27693416
A125: 111 | B125: Comercio Partners Dollar Fund | C125: Comercio Partners Asset Management Limited | D125: =1011735.55*FX_RATE -> 1.3893704e+09 | E125: =10885.17*FX_RATE -> 14948109 | F125: 0 | G125: =1742.66*FX_RATE -> 2393115.7 | H125: =(E125+F125)-G125 -> 12554993 | I125: 1.3863173e+09 | J125: =(I125/$I$160) -> 0.00074585245 | K125: =1000850.38*FX_RATE -> 1.3744223e+09 | L125: =(K125/$K$160) -> 0.00074639358 | M125: =((K125-I125)/I125) -> -0.0085802778 | N125: =(G125/K125) -> 0.0017411793 | O125: =H125/K125 -> 0.009134742 | P125: =K125/V125 -> 1517.6643 | Q125: =H125/V125 -> 13.863472 | R125: =1.1052*FX_RATE -> 1517.7209 | S125: =1.1124*C249 -> 1527.6083 | T125: 77 | U125: 914133.33 | V125: 905616.8
A126: 112 | B126: Cowry Eurobond Fund | C126: Cowry Treasurers Limited | D126: =333481.36*FX_RATE -> 4.5795478e+08 | E126: =3607.42*FX_RATE -> 4953905.7 | F126: 0 | G126: =1173.91*FX_RATE -> 1612077.2 | H126: =(E126+F126)-G126 -> 3341828.6 | I126: 9.7902048e+08 | J126: =(I126/$I$160) -> 0.00052672273 | K126: =669780.81*FX_RATE -> 9.1977951e+08 | L126: =(K126/$K$160) -> 0.00049949534 | M126: =((K126-I126)/I126) -> -0.060510449 | N126: =(G126/K126) -> 0.0017526779 | O126: =H126/K126 -> 0.0036332931 | P126: =K126/V126 -> 1755.2254 | Q126: =H126/V126 -> 6.3772484 | R126: =1.28*FX_RATE -> 1757.7658 | S126: =1.28*FX_RATE -> 1757.7658 | T126: 80 | U126: 519851.62 | V126: 524023.58
A127: 113 | B127: EDC Dollar Fund | C127: EDC Fund Management Limited | D127: =1015221.4*FX_RATE -> 1.3941574e+09 | E127: =16334.75*FX_RATE -> 22431769 | F127: 0 | G127: =4850.84*FX_RATE -> 6661437.9 | H127: =(E127+F127)-G127 -> 15770331 | I127: 3.9389208e+09 | J127: =(I127/$I$160) -> 0.0021191785 | K127: =2930619.37*FX_RATE -> 4.0244862e+09 | L127: =(K127/$K$160) -> 0.002185537 | M127: =((K127-I127)/I127) -> 0.021723071 | N127: =(G127/K127) -> 0.0016552269 | O127: =H127/K127 -> 0.0039185949 | P127: =K127/V127 -> 150797.6 | Q127: =H127/V127 -> 590.91468 | R127: =107.69*FX_RATE -> 147885.78 | S127: =106.06*FX_RATE -> 145647.37 | T127: 124 | U127: 26319 | V127: 26688
A128: 114 | B128: Emerging Africa Eurobond Fund | C128: Emerging Africa Asset Management Limited | D128: =3239736.09*FX_RATE -> 4.4489822e+09 | E128: =30955.77*FX_RATE -> 42510150 | F128: 0 | G128: =3597*FX_RATE -> 4939596.4 | H128: =(E128+F128)-G128 -> 37570554 | I128: 4.6242524e+09 | J128: =(I128/$I$160) -> 0.0024878937 | K128: =3217693*FX_RATE -> 4.4187114e+09 | L128: =(K128/$K$160) -> 0.0023996248 | M128: =((K128-I128)/I128) -> -0.044448486 | N128: =(G128/K128) -> 0.0011178817 | O128: =H128/K128 -> 0.0085026042 | P128: =K128/V128 -> 156265.21 | Q128: =H128/V128 -> 1328.6612 | R128: =114.38*FX_RATE -> 157072.85 | S128: =114.38*FX_RATE -> 157072.85 | T128: 89 | U128: 29812 | V128: 28277
A129: 115 | B129: FCMBAM USD Bond Fund | C129: FCMB Asset Management Limited | D129: =8541898.1*FX_RATE -> 1.17302e+10 | E129: =111325.26*FX_RATE -> 1.5287791e+08 | F129: 0 | G129: =15755.54*FX_RATE -> 21636366 | H129: =(E129+F129)-G129 -> 1.3124155e+08 | I129: 1.5028321e+10 | J129: =(I129/$I$160) -> 0.0080853858 | K129: =8483904.68*FX_RATE -> 1.165056e+10 | L129: =(K129/$K$160) -> 0.0063269517 | M129: =((K129-I129)/I129) -> -0.22475969 | N129: =(G129/K129) -> 0.0018571095 | O129: =H129/K129 -> 0.011264827 | P129: =K129/V129 -> 2102.5759 | Q129: =H129/V129 -> 23.685154 | R129: =1.53*FX_RATE -> 2101.0794 | S129: =1.53*FX_RATE -> 2101.0794 | T129: 118 | U129: 7218033 | V129: 5541089
A130: 116 | B130: First Asset Dollar Fund | C130: First Asset Management Limited | D130: 5.3643386e+10 | E130: 3.7674565e+08 | F130: 0 | G130: 86672998 | H130: =(E130+F130)-G130 -> 2.9007266e+08 | I130: 5.2804779e+10 | J130: =(I130/$I$160) -> 0.028409495 | K130: 5.3069362e+10 | L130: =(K130/$K$160) -> 0.028819841 | M130: =((K130-I130)/I130) -> 0.0050105927 | N130: =(G130/K130) -> 0.0016332022 | O130: =H130/K130 -> 0.0054659156 | P130: =K130/V130 -> 181294.37 | Q130: =H130/V130 -> 990.9397 | R130: =131.83*C249 -> 181036.14 | S130: =131.86*C249 -> 181077.34 | T130: 391 | U130: 292519.31 | V130: 292724.83
A131: 117 | B131: First Asset Specialized Dollar Fund | C131: First Asset Management Limited | D131: 1.6325979e+11 | E131: 1.1571627e+09 | F131: 0 | G131: 2.6312334e+08 | H131: =(E131+F131)-G131 -> 8.9403939e+08 | I131: 1.6025091e+11 | J131: =(I131/$I$160) -> 0.086216582 | K131: 1.6176239e+11 | L131: =(K131/$K$160) -> 0.087846663 | M131: =((K131-I131)/I131) -> 0.0094319493 | N131: =(G131/K131) -> 0.0016266039 | O131: =H131/K131 -> 0.005526868 | P131: =K131/V131 -> 176954.66 | Q131: =H131/V131 -> 978.00505 | R131: =315.85*C249 -> 433742.43 | S131: =315.98*C249 -> 433920.96 | T131: 1520 | U131: 909689.95 | V131: 914145.99
A132: 118 | B132: FSL Eurobond Fund | C132: FSL Asset Management Limited | D132: =1619000*FX_RATE -> 2.223299e+09 | E132: =11589.97*FX_RATE -> 15915978 | F132: 0 | G132: =1809.88*FX_RATE -> 2485425.9 | H132: =(E132+F132)-G132 -> 13430553 | I132: 1.9361949e+09 | J132: =(I132/$I$160) -> 0.0010416921 | K132: =1639401.74*FX_RATE -> 2.2513158e+09 | L132: =(K132/$K$160) -> 0.0012225993 | M132: =((K132-I132)/I132) -> 0.16275267 | N132: =(G132/K132) -> 0.0011039881 | O132: =H132/K132 -> 0.0059656457 | P132: =K132/V132 -> 171372.29 | Q132: =H132/V132 -> 1022.3464 | R132: =1*FX_RATE -> 1373.2545 | S132: =1*FX_RATE -> 1373.2545 | T132: 16 | U132: 13132.38 | V132: 13136.988
A133: 119 | B133: Futureview Dollar Fund | C133: Futureview Asset Management Limited | D133: =202392.65*FX_RATE -> 2.7793662e+08 | E133: =507.5*FX_RATE -> 696926.66 | F133: 0 | G133: =5268.05*FX_RATE -> 7234373.4 | H133: =(E133+F133)-G133 -> -6537446.7 | I133: 2.7456262e+08 | J133: =(I133/$I$160) -> 0.00014771741 | K133: =195142.04*FX_RATE -> 2.6797968e+08 | L133: =(K133/$K$160) -> 0.00014552901 | M133: =((K133-I133)/I133) -> -0.023976085 | N133: =(G133/K133) -> 0.026995977 | O133: =H133/K133 -> -0.024395307 | P133: =K133/V133 -> 183598.03 | Q133: =H133/V133 -> -4478.9303 | R133: =146.1247*FX_RATE -> 200666.4 | S133: =146.1247*FX_RATE -> 200666.4 | T133: 11 | U133: 1377.19 | V133: 1459.6
A134: 120 | B134: Myrtle Dollar Shield Fund | C134: Myrtle Asset Management Limited | D134: =37184.67*FX_RATE -> 51064015 | E134: =197.66*FX_RATE -> 271437.48 | F134: 0 | G134: =159.96*FX_RATE -> 219665.79 | H134: =(E134+F134)-G134 -> 51771.695 | I134: 34476258 | J134: =(I134/$I$160) -> 1.8548569e-05 | K134: =37192.6*FX_RATE -> 51074905 | L134: =(K134/$K$160) -> 2.7736731e-05 | M134: =((K134-I134)/I134) -> 0.48145152 | N134: =(G134/K134) -> 0.0043008555 | O134: =H134/K134 -> 0.0010136425 | P134: =K134/V134 -> 1373.2711 | Q134: =H134/V134 -> 1.392006 | R134: =100*FX_RATE -> 137325.45 | S134: =100*FX_RATE -> 137325.45 | T134: 3 | U134: 25000 | V134: 37192.15
A135: 121 | B135: Norrenberger Dollar Fund | C135: Norrenberger Investment & Capital Management Limited | D135: 4.011191e+10 | E135: 3.1972006e+08 | F135: 26089254 | G135: 81170586 | H135: =(E135+F135)-G135 -> 2.6463872e+08 | I135: 4.2202329e+10 | J135: =(I135/$I$160) -> 0.022705272 | K135: 4.2518355e+10 | L135: =(K135/$K$160) -> 0.023090012 | M135: =((K135-I135)/I135) -> 0.007488351 | N135: =(G135/K135) -> 0.0019090716 | O135: =H135/K135 -> 0.0062241054 | P135: =K135/V135 -> 147193.13 | Q135: =H135/V135 -> 916.14556 | R135: 147186.74 | S135: 147186.74 | T135: 938 | U135: 288168 | V135: 288861
A136: 122 | B136: Pacam Eurobond Fund | C136: PAC Asset Management Ltd. | D136: =2014525.79*FX_RATE -> 2.7664566e+09 | E136: =70037.62*FX_RATE -> 96179477 | F136: 0 | G136: =2695.6*FX_RATE -> 3701744.8 | H136: =(E136+F136)-G136 -> 92477732 | I136: 2.776565e+09 | J136: =(I136/$I$160) -> 0.0014938195 | K136: =2015254.65*FX_RATE -> 2.7674575e+09 | L136: =(K136/$K$160) -> 0.0015028951 | M136: =((K136-I136)/I136) -> -0.0032801129 | N136: =(G136/K136) -> 0.0013375977 | O136: =H136/K136 -> 0.033416134 | P136: =K136/V136 -> 703292.89 | Q136: =H136/V136 -> 23501.33 | R136: =163.39*FX_RATE -> 224376.05 | S136: =169.675*FX_RATE -> 233006.96 | T136: 52 | U136: 12606.06 | V136: 3935
A137: 123 | B137: United Capital Nigerian Eurobond Fund | C137: United Capital Asset Mgt. Ltd | D137: =102162837*FX_RATE -> 1.4029558e+11 | E137: =683965*FX_RATE -> 9.3925801e+08 | F137: 0 | G137: =161093*FX_RATE -> 2.2122169e+08 | H137: =(E137+F137)-G137 -> 7.1803633e+08 | I137: 1.5666003e+11 | J137: =(I137/$I$160) -> 0.084284651 | K137: =111455867*FX_RATE -> 1.5305727e+11 | L137: =(K137/$K$160) -> 0.083119261 | M137: =((K137-I137)/I137) -> -0.022997315 | N137: =(G137/K137) -> 0.0014453524 | O137: =H137/K137 -> 0.0046912918 | P137: =K137/V137 -> 173756.9 | Q137: =H137/V137 -> 815.1443 | R137: =126.53*FX_RATE -> 173757.89 | S137: =126.53*FX_RATE -> 173757.89 | T137: 978 | U137: 896730 | V137: 880870.2
A139: FIXED INCOME
A140: 124 | B140: Alpha10 Dollar Fund | C140: Alpha10 Fund Management Limited | D140: =204000*FX_RATE -> 280143918 | E140: =1476.38*FX_RATE -> 2027445.5 | F140: 0 | G140: =568.72*FX_RATE -> 780997.3 | H140: =(E140+F140)-G140 -> 1246448.2 | I140: 4.6260376e+08 | J140: =(I140/$I$160) -> 0.00024888541 | K140: =349734.35*FX_RATE -> 4.8027427e+08 | L140: =(K140/$K$160) -> 0.00026081768 | M140: =((K140-I140)/I140) -> 0.038197942 | N140: =(G140/K140) -> 0.0016261485 | O140: =H140/K140 -> 0.0025952841 | P140: =K140/V140 -> 1410.112 | Q140: =H140/V140 -> 3.6596412 | R140: =1.01*FX_RATE -> 1386.987 | S140: =1.01*FX_RATE -> 1386.987 | T140: 39 | U140: 333672 | V140: 340593
A141: 125 | B141: AVA GAM Fixed Income Dollar Fund | C141: AVA Global Asset Managers Limited | D141: =976559.2*FX_RATE -> 1.3410643e+09 | E141: =9629.63*FX_RATE -> 13223933 | F141: 0 | G141: =2106.54*FX_RATE -> 2892815.5 | H141: =(E141+F141)-G141 -> 10331117 | I141: 1.601963e+09 | J141: =(I141/$I$160) -> 0.00086187199 | K141: =1044859.85*FX_RATE -> 1.4348585e+09 | L141: =(K141/$K$160) -> 0.00077921406 | M141: =((K141-I141)/I141) -> -0.10431234 | N141: =(G141/K141) -> 0.0020160981 | O141: =H141/K141 -> 0.0072000948 | P141: =K141/V141 -> 160930.74 | Q141: =H141/V141 -> 1158.7166 | R141: =117.19*FX_RATE -> 160931.69 | S141: =117.19*FX_RATE -> 160931.69 | T141: 29 | U141: 8918 | V141: 8916
A142: 126 | B142: AXA Mansard Dollar Bond Fund | C142: AXA Mansard Investments Limited | D142: =10502133.4*FX_RATE -> 1.4422102e+10 | E142: =9629.63*FX_RATE -> 13223933 | F142: 0 | G142: =23353.11*FX_RATE -> 32069763 | H142: =(E142+F142)-G142 -> -18845831 | I142: 2.8026134e+10 | J142: =(I142/$I$160) -> 0.015078338 | K142: =20349276.13*FX_RATE -> 2.7944735e+10 | L142: =(K142/$K$160) -> 0.015175664 | M142: =((K142-I142)/I142) -> -0.0029044057 | N142: =(G142/K142) -> 0.0011476138 | O142: =H142/K142 -> -0.00067439647 | P142: =K142/V142 -> 189933.63 | Q142: =H142/V142 -> -128.09057 | R142: =137.6176*FX_RATE -> 188983.99 | S142: =139.0007*FX_RATE -> 190883.34 | T142: 683 | U142: 147915.58 | V142: 147128.95
A143: 127 | B143: CFG AM Fixed Income Dollar Fund | C143: CFG Assset Management Limited | D143: =438523.62*FX_RATE -> 6.0220453e+08 | E143: =27485.64*FX_RATE -> 37744779 | F143: 0 | G143: =2016.43*FX_RATE -> 2769071.6 | H143: =(E143+F143)-G143 -> 34975707 | I143: 5.7519925e+08 | J143: =(I143/$I$160) -> 0.0003094629 | K143: =437286.64*FX_RATE -> 6.0050585e+08 | L143: =(K143/$K$160) -> 0.00032611062 | M143: =((K143-I143)/I143) -> 0.043996224 | N143: =(G143/K143) -> 0.0046112317 | O143: =H143/K143 -> 0.058243741 | P143: =K143/V143 -> 144526.08 | Q143: =H143/V143 -> 8417.7394 | R143: =105.24*FX_RATE -> 144521.3 | S143: =105.24*FX_RATE -> 144521.3 | T143: 18 | U143: 4045 | V143: 4155
A144: 128 | B144: Cordros Dollar Fund | C144: Cordros Asset Management Limited | D144: =12625937*C249 -> 1.7338625e+10 | E144: =86430.88*C249 -> 1.1869159e+08 | F144: 0 | G144: =22392.3*C249 -> 30750327 | H144: =(E144+F144)-G144 -> 87941268 | I144: 1.7447552e+10 | J144: =(I144/$I$160) -> 0.0093869561 | K144: =12822007.86*C249 -> 1.760788e+10 | L144: =(K144/$K$160) -> 0.0095621329 | M144: =((K144-I144)/I144) -> 0.0091891356 | N144: =(G144/K144) -> 0.0017463957 | O144: =H144/K144 -> 0.0049944268 | P144: =K144/V144 -> 159961.12 | Q144: =H144/V144 -> 798.9141 | R144: =116.21*FX_RATE -> 159585.91 | S144: =116.21*FX_RATE -> 159585.91 | T144: 474 | U144: 104347 | V144: 110076
A145: 129 | B145: Coronation Dollar Fund | C145: Coronation Asset Management Limited | D145: 3.4262116e+08 | E145: 907266.18 | F145: 267554.89 | G145: 446241.12 | H145: =(E145+F145)-G145 -> 728579.95 | I145: 1.5669981e+08 | J145: =(I145/$I$160) -> 8.4306051e-05 | K145: 3.3890255e+08 | L145: =(K145/$K$160) -> 0.00018404438 | M145: =((K145-I145)/I145) -> 1.1627503 | N145: =(G145/K145) -> 0.001316724 | O145: =H145/K145 -> 0.0021498214 | P145: =K145/V145 -> 1448.7427 | Q145: =H145/V145 -> 3.114538 | R145: 1.0586 | S145: 1.0586 | T145: 11 | U145: 107541.75 | V145: 233928.74
A146: 130 | B146: FSDH Dollar Fund | C146: FSDH Asset Management Ltd | D146: =9894224.59*FX_RATE -> 1.3587288e+10 | E146: =82864.12*FX_RATE -> 1.1379353e+08 | F146: 0 | G146: =12182.5*FX_RATE -> 16729673 | H146: =(E146+F146)-G146 -> 97063853 | I146: 1.3380569e+10 | J146: =(I146/$I$160) -> 0.0071988787 | K146: =10412836.95*FX_RATE -> 1.4299475e+10 | L146: =(K146/$K$160) -> 0.0077654711 | M146: =((K146-I146)/I146) -> 0.06867469 | N146: =(G146/K146) -> 0.0011699501 | O146: =H146/K146 -> 0.0067879311 | P146: =K146/V146 -> 1894.5395 | Q146: =H146/V146 -> 12.860004 | R146: =1.38*FX_RATE -> 1895.0912 | S146: =1.38*FX_RATE -> 1895.0912 | T146: 371 | U146: 7104725.9 | V146: 7547731.2
A147: 131 | B147: Greenwich Fixed Income Dollar Fund | C147: Greenwich Asst Management Ltd | D147: 0 | E147: =2759.49*FX_RATE -> 3789482.1 | F147: 0 | G147: =311.72*FX_RATE -> 428070.89 | H147: =(E147+F147)-G147 -> 3361411.2 | I147: 2.7862453e+08 | J147: =(I147/$I$160) -> 0.00014990276 | K147: =189894.54*FX_RATE -> 2.6077353e+08 | L147: =(K147/$K$160) -> 0.00014161564 | M147: =((K147-I147)/I147) -> -0.064068305 | N147: =(G147/K147) -> 0.0016415427 | O147: =H147/K147 -> 0.012890155 | P147: =K147/V147 -> 1470.779 | Q147: =H147/V147 -> 18.958569 | R147: 1.08 | S147: 1.08 | T147: 16 | U147: 191260 | V147: 177303
...

Sheet NAV Comparison
A4: FUNDS | B4: Apr 2026 | C4: May 2026
A5: EQUITY BASED FUNDS | B5: 235.55134 | C5: =May!K25/1000000000 -> 262.04604
A6: MONEY MARKET FUNDS | B6: 5695.4341 | C6: =May!K75/1000000000 -> 5836.1191
A7: BONDS/FIXED INCOME FUNDS | B7: 234.6244 | C7: =May!K116/1000000000 -> 233.72033
A8: DOLLAR FUNDS | B8: 1858.7018 | C8: =May!K160/1000000000 -> 1841.4176
A9: REAL ESTATE INVESTMENT TRUST | B9: 526.89377 | C9: =May!K169/1000000000 -> 527.75099
A10: BALANCED FUNDS | B10: 144.17949 | C10: =May!K202/1000000000 -> 157.21305
A11: ETHICAL FUNDS | B11: 19.528485 | C11: =May!K208/1000000000 -> 21.330556
A12: SHARI'AH COMPLAINT FUNDS | B12: 133.72102 | C12: =May!K236/1000000000 -> 143.95374
A13: SPECIALISED FUNDS | B13: 30.829078 | C13: =May!K246/1000000000 -> 31.096845

Sheet Market Share
A1: FUNDS | B1: May 2026
A2: ETHICAL FUNDS | B2: =May!K208 -> 2.1330556e+10
A3: SPECIALISED FUNDS | B3: =May!K246 -> 3.1096845e+10
A4: SHARI'AH COMPLAINT FUNDS | B4: =May!K236 -> 143953744582
A5: EQUITY BASED FUNDS | B5: =May!K25 -> 2.6204604e+11
A6: BALANCED FUNDS | B6: =May!K202 -> 1.5721305e+11
A7: BONDS/FIXED INCOME FUNDS | B7: =May!K116 -> 2.3372033e+11
A8: REAL ESTATE INVESTMENT TRUST | B8: =May!K169 -> 5.2775099e+11
A9: DOLLAR FUNDS | B9: =May!K160 -> 1.8414176e+12
A10: MONEY MARKET FUNDS | B10: =May!K75 -> 5.8361191e+12

Sheet Unitholders
A5: FUNDS | B5: UNIT HOLDERS
A6: EQUITY BASED FUNDS | B6: =May!T25 -> 101141
A7: MONEY MARKET FUNDS | B7: =May!T75 -> 713850
A8: BONDS/FIXED INCOME FUNDS | B8: =May!T116 -> 61681
A9: DOLLAR FUNDS | B9: =May!T160 -> 25866
A10: REAL ESTATE INVESTMENT TRUST | B10: =May!T169 -> 230445
A11: BALANCED FUNDS | B11: =May!T202 -> 93972
A12: ETHICAL FUNDS | B12: =May!T208 -> 15792
A13: SHARI'AH COMPLAINT FUNDS | B13: =May!T236 -> 54271
A14: SPECIALISED FUNDS | B14: =May!T246 -> 153
